 Dungeon Crawl Stone Soup version 0.32-a0-868-g153ae1a8d6 (webtiles) character file.

Game seed: 3224153589506362636

7725 BubbleThief the Skirmisher (level 11, -2/91 HPs)
             Began as a Coglin Hunter on Mar 28, 2024.
             Was an Initiate of Gozag.
             Slain by Harold
             ... wielding a +0 glaive of protection
              (5 damage)
             ... on level 1 of the Lair of Beasts.
             The game lasted 00:16:11 (9917 turns).

BubbleThief the Skirmisher (Coglin Hunter)          Turns: 9917, Time: 00:16:12

Health: -2/91      AC: 13    Str: 11    XL:     11   Next: 19%
Magic:  11/11      EV:  8    Int:  8    God:    Gozag
Gold:   542        SH:  0    Dex: 23    Spells: 10/10 levels left

rFire   . . .        a - +2 sling {Prani}
rCold   + . .        d - +0 sling {Ishpreet}
rNeg    . . .        m - +3 scale mail {rC+}
rPois   .            r - +0 helmet
rElec   .            (no cloak)
rCorr   .            e - +1 pair of gloves
SInv    .            E - +0 pair of boots
Will    .....        (amulet unavailable)
Stlth   +            (ring unavailable)
HPRegen 0.35/turn    (ring unavailable)
MPRegen 0.12/turn    (no gizmo)

%: no passive effects
@: marked
A: off-hand wielding, slow wielding, warmup strikes, no jewellery
a: Invent Gizmo, Renounce Religion, Potion Petition, Call Merchant, Bribe Branch


You were on level 1 of the Lair of Beasts.
You worshipped Gozag.
Gozag was pleased with you.
You visited 3 branches of the dungeon, and saw 11 of its levels.

You collected 658 gold pieces.
You paid 116 gold pieces to Gozag.

Inventory:

Hand Weapons
 a - a +2 sling (weapon) {Prani}
 d - a +0 sling (offhand) {Ishpreet}
Missiles
 u - 3 curare-tipped darts
Armour
 e - a +1 pair of gloves (worn)
 m - a +3 scale mail of cold resistance (worn)
 r - a +0 helmet (worn)
 y - a +0 leather armour of positive energy
 E - a +0 pair of boots (worn)
Wands
 c - a wand of light (3)
 v - a wand of digging (1)
Scrolls
 b - a scroll of butterflies
 k - 2 scrolls of enchant armour {unknown}
 n - a scroll of brand weapon {unknown}
 o - a scroll of immolation {unknown}
 p - a scroll of identify
 q - 4 scrolls of fog
 w - 2 scrolls of fear {unknown}
 A - a scroll of enchant weapon
 D - a scroll of vulnerability
 F - 2 scrolls of revelation
Potions
 g - 4 potions of attraction
 h - 3 potions of might
 s - 4 potions of curing
 t - 2 potions of brilliance
 x - 3 potions of invisibility
 z - a potion of haste
 B - 2 potions of enlightenment
 C - a potion of cancellation


   Skills:
 + Level 10.2 Fighting
 * Level 13.0 Ranged Weapons
 + Level 1.1 Armour
 - Level 1.7 Dodging
 - Level 0.7 Stealth


You had 10 spell levels left.
You didn't know any spells.
Your spell library contained the following spells:

 Spells                   Type           Power      Damage    Failure   Level
 Slow                     Hex            0%         N/A       95%         1
 Jinxbite                 Hex            0%         N/A       98%         2
 Confusing Touch          Hex            0%         N/A       100%        3
 Vampiric Draining        Necr           0%         2d6       100%        3
 Yara's Violent Unravell  Hex/Alch       0%         3d3       100%        5
 Enfeeble                 Hex            0%         N/A       100%        7


Dungeon Overview and Level Annotations

Branches:
Dungeon (9/15)             Temple (1/1) D:4            Lair (1/5) D:9
    Orc: D:9-12

Altars:
Ashenzari
Cheibriados
Dithmenos
Elyvilon
Fedhas
Gozag
Hepliaklqana
Kikubaaqudgha
Makhleb
Nemelex Xobeh
Okawaru
Qazlal
Ru
Trog
Uskayaw
Vehumet
Wu Jian
Xom
Yredelemnul
Zin
The Shining One

Annotations:
D:7 3 runed translucent doors, HilariousDeathArtist's ghost, novice CoFE
Lair:1 Harold


Innate Abilities, Weirdness & Mutations

You can wield a second weapon in your off-hand.
It takes a long time for you to wield or remove held weapons.
Your first few attacks do less damage.
You cannot equip rings or amulets.


Message History

Unknown command.
Harold throws a throwing net.
The throwing net hits you.
You become entangled in the net!
You see here a throwing net.
You struggle against the net.
Harold gestures at you while chanting. A sentinel's mark forms upon you.
You struggle against the net.
You struggle against the net.
You rip the net and break free!
Harold is distracted by your dazzling golden aura.
Harold throws a throwing net.
The throwing net hits you.
You become entangled in the net!
You see here a throwing net.
You struggle against the net.
You struggle against the net.
Harold fires a harpoon shot at you. The harpoon shot hits you.
* * * LOW HITPOINT WARNING * * *
You are yanked forward by the harpoon shot.
Harold hits you from afar with a +0 glaive of protection.
* * * LOW HITPOINT WARNING * * *
Aiming: Bolt of Light
Press: ? - help, Shift-Dir - straight line, f - Harold
Aim: Harold, wielding a +0 glaive of protection, wearing a +0 ring mail and quivering 3 throwing nets (83% to hit)
The bolt of light hits Harold!
Harold is lightly wounded.
Harold is blinded.
Harold casts a spell at you. The mark upon you grows brighter.
Unknown command.
Harold fires a harpoon shot at you. The harpoon shot hits you!
* * * LOW HITPOINT WARNING * * *
You are yanked forward by the harpoon shot.
Harold says happily, "The price on your head will fill my nest egg nicely!"
Harold hits you from afar with a +0 glaive of protection.
You die...
Harold says, "Can't wait to tell my little ones about this."
Your body crumbles into a pile of gold.

###....## ##@#.....####
#.......## ##.#.......#.#####
##.......###.###...#....#P♣P#
#........##.###...####....~~♣
#.................####...PP~P
##..................#P....~≈~
#####..........@###..........~~~~
##.###..........#.............~~♣
........#.......@............♣~P#
#....######...................♣##
#..### ##P.............#..###
#..# ###.............##...# #.##
###.............####).##
#.####........#......# #..#
P.##.........###....## ...#
#.........#####P.....# #..##
P.......### ##..<.##


You could see Harold (blind, unable to see you).

Vanquished Creatures
  A two-headed ogre (D:9)
  A black mamba (Lair:1)
  Joseph (Lair:1)
  4 komodo dragons (Lair:1)
  A blink frog (Lair:1)
  6 yaks
  2 steam dragons
  An acid dragon (D:9)
  2 water moccasins (Lair:1)
  2 ice beasts (D:7)
  2 orc warriors (D:5)
  2 black bears (D:7)
  2 sky beasts (D:6)
  3 wolves
  2 ogres (D:6)
  2 centaurs
  A phantom (D:6)
  6 bullfrogs
  5 kobold brigands
  A scorpion (D:6)
  8 wights
  12 killer bees
  3 howler monkeys (D:8)
  2 bombardier beetles (D:6)
  An orc priest (D:5)
  2 hounds
  A sleepcap (D:6)
  Natasha (twice) (D:2)
  3 iguanas (D:6)
  An orc wizard (D:5)
  Terence (D:2)
  Robin (D:3)
  10 gnolls
  7 adders
  A shadow imp (D:5)
  A white imp (D:7)
  4 ufetubi
  2 dart slugs
  3 ribbon worms
  14 orcs
  9 endoplasms
  2 giant cockroaches
  15 goblins
  8 hobgoblins
  4 jackals (D:4)
  7 ball pythons
  4 bats
  6 frilled lizards
  27 kobolds
  9 rats
217 creatures vanquished.

Notes
Turn   | Place    | Note
-------+----------+-------------------------------------------
     0 | D:1      | BubbleThief the Coglin Hunter began the quest for the Orb.
     0 | D:1      | Reached XP level 1. HP: 16/16 MP: 1/1
   148 | D:1      | Reached skill level 4 in Ranged Weapons
   148 | D:1      | Reached XP level 2. HP: 19/22 MP: 2/2
   308 | D:1      | Noticed a shining eye
   311 | D:1      | Found a faded altar of an unknown god.
   313 | D:1      | Noticed a glass eye
   313 | D:1      | Noticed a golden eye
   313 | D:1      | Noticed a shining eye
   328 | D:1      | Reached XP level 3. HP: 27/27 MP: 3/3
   905 | D:2      | Reached skill level 5 in Ranged Weapons
   905 | D:2      | Reached XP level 4. HP: 26/33 MP: 4/4
   912 | D:2      | Noticed Terence
   919 | D:2      | Killed Terence
  1103 | D:2      | Noticed Natasha
  1106 | D:2      | Killed Natasha
  1107 | D:2      | Reached XP level 5. HP: 34/38 MP: 5/5
  1116 | D:2      | Noticed Natasha
  1120 | D:2      | Killed Natasha
  1259 | D:2      | Reached skill level 6 in Ranged Weapons
  1466 | D:3      | Noticed Robin
  1485 | D:3      | Killed Robin
  1705 | D:3      | Reached XP level 6. HP: 36/44 MP: 6/6
  1904 | D:4      | Reached skill level 7 in Ranged Weapons
  1958 | D:4      | Found a radiant altar of Vehumet.
  2129 | D:4      | Found a staircase to the Ecumenical Temple.
  2141 | Temple   | Entered the Ecumenical Temple
  2470 | D:5      | Entered Level 5 of the Dungeon
  2487 | D:5      | Noticed an orc warrior
  2506 | D:5      | Killed an orc warrior
  2507 | D:5      | Reached XP level 7. HP: 19/50 MP: 7/7
  2903 | D:5      | Found a hazy altar of Hepliaklqana.
  3244 | D:5      | Reached skill level 8 in Ranged Weapons
  3402 | D:5      | Found a glowing golden altar of the Shining One.
  3845 | D:6      | Reached XP level 8. HP: 27/56 MP: 8/8
  3982 | D:6      | Reached skill level 9 in Ranged Weapons
  4850 | D:6      | Reached skill level 10 in Ranged Weapons
  4863 | D:6      | Found a bloodstained altar of Trog.
  5159 | D:7      | Noticed HilariousDeathArtist's ghost (novice CoFE)
  5169 | D:7      | Reached XP level 9. HP: 66/66 MP: 9/9
  5199 | D:7      | Reached skill level 5 in Fighting
  5998 | D:7      | Found a runed translucent gate.
  5998 | D:7      | Found a runed translucent gate.
  5998 | D:7      | Found a runed translucent gate.
  6029 | D:7      | Identified the +5 short sword of Nejifusuwn {flame, rF+ rN+
                  | Will+}
  6360 | D:7      | Reached skill level 11 in Ranged Weapons
  6618 | D:8      | Reached XP level 10. HP: 33/79 MP: 10/10
  7767 | D:9      | Noticed a two-headed ogre
  7779 | D:9      | Killed a two-headed ogre
  7780 | D:9      | Reached skill level 12 in Ranged Weapons
  8045 | D:9      | Found an opulent altar of Gozag.
  8052 | D:9      | Became a worshipper of Gozag Ym Sagoz the Greedy
  8832 | D:9      | Found a staircase to the Lair.
  8962 | Lair:1   | Entered Level 1 of the Lair of Beasts
  9185 | Lair:1   | Noticed Joseph
  9197 | Lair:1   | Killed Joseph
  9316 | Lair:1   | Reached XP level 11. HP: 69/90 MP: 11/11
  9535 | Lair:1   | Reached skill level 10 in Fighting
  9895 | Lair:1   | Reached skill level 13 in Ranged Weapons
  9897 | Lair:1   | Noticed Harold
  9898 | Lair:1   | Reached skill level 1 in Armour
  9916 | Lair:1   | HP: 2/91 [Harold/harpoon shot (11)]
  9917 | Lair:1   | Slain by Harold

Illustrated notes

Levels and vault maps discovered:
D:1:      scummos_arrival_simple_crosswalls, layout_loops_cross,
          hellmonk_ecumenical_altar_watching_god
D:2:      layout_basic, uniq_terence, uniq_natasha
D:3:      layout_rooms, uniq_robin
D:4:      layout_loops_ring, vehumet_crystals, minmay_temple_entry_mini_moons
D:5:      layout_basic, marbit_many_paths, mainiacjoe_overflow_alcove_1
D:6:      layout_loops_corners, trog_antimagical, serial_rivers,
          chequers_serial_rivers_micro_b, chequers_serial_rivers_small_a,
          chequers_serial_rivers_marsh, chequers_serial_rivers_large_a,
          chequers_serial_rivers_large_b, chequers_serial_rivers_micro_d,
          serial_park_tiny_2
D:7:      layout_loops_cross, gammafunk_ghost_icy, serial_bayou,
          serial_bayou_pond_d, serial_bayou_shore_b, serial_bayou_crossing,
          serial_bayou_pond_c, serial_bayou_lagoon_a
D:8:      layout_loops_cross
D:9:      layout_roguey, lemuel_crystal_altar, lair_entry_dummy
Temple:   nicolae_temple_x_marks_the_god
Lair:1:   layout_cave_pods, st_stairs_5, beast_lair_carwin_2,
          serial_bayou_shore_b, uniq_joseph, uniq_harold

Skill      XL: |  1  2  3  4  5  6  7  8  9 10 11 |
---------------+----------------------------------+-----
Ranged Weapons | 4 5 6 7 8 10 11 12 13 | 13.0
Fighting       | 4 7 9 10 | 10.2
Armour         | 1 |  1.1
Dodging        | |  1.7
Stealth        | |  0.7

Action                     |  1- 3 |  4- 6 |  7- 9 | 10-12 || total
---------------------------+-------+-------+-------+-------++-------
   Fire: Sling             |   128 |   302 |   586 |   428 ||  1444
  Throw: Dart              |       |     2 |       |     2 ||     4
         Throwing net      |       |       |     4 |     2 ||     6
  Evoke: Wand              |       |       |       |     3 ||     3
    Use: Scroll            |       |       |       |    14 ||    14
         Potion            |       |       |       |     3 ||     3
 Armour: Leather armour    |    12 |     1 |       |       ||    13
         Scale mail        |       |    41 |   184 |   165 ||   390
  Dodge: Dodged            |     6 |    19 |   108 |    74 ||   207

Table legend: (Time is in decaauts)
 A = Elapsed time spent in this place.
 B = Non-inter-level travel time spent in this place.
 C = Inter-level travel time spent in this place.
 D = Time resting spent in this place.
 E = Time spent auto-exploring this place.
 F = Levels seen in this place.
 G = Mean time per level.
                   A        B        C        D        E       F      G
               +--------+--------+--------+--------+--------+-----+--------+
         Total |  10173 |   9813 |    360 |   1645 |   6514 |  11 |  924.8 |
       Dungeon |   9348 |   8988 |    360 |   1625 |   5887 |   9 | 1038.7 |
        Temple |      7 |      7 |      0 |      0 |      0 |   1 |    7.0 |
          Lair |    817 |    817 |      0 |     20 |    626 |   1 |  817.0 |
               +--------+--------+--------+--------+--------+-----+--------+

Top non-repeatable levels by time:
     D:7: 1791 daAuts
     D:6: 1663 daAuts
     D:9: 1218 daAuts
     D:5: 1211 daAuts
     D:8: 934 daAuts
  Lair:1: 817 daAuts
     D:2: 777 daAuts
     D:4: 636 daAuts
     D:1: 596 daAuts
     D:3: 519 daAuts
  Temple: 7 daAuts
